 Dungeon Crawl Stone Soup version 0.29-a0-870-g2c972031a6 (webtiles) character file.

Game seed: 3443743189227439199

442 porpoise the Spear-Bearer (level 7, -2/65 (69) HPs)
             Began as a Hill Orc Monk on July 18, 2022.
             Was an Initiate of Yredelemnul.
             Killed from afar by an orc wizard (7 damage)
             ... with a magic dart
             ... on level 6 of the Dungeon.
             The game lasted 00:12:50 (3564 turns).

porpoise the Spear-Bearer (Hill Orc Monk)           Turns: 3564, Time: 00:12:51

HP:   -2/65 (69)    AC:  6    Str: 12 (15) XL:     7   Next: 2%
MP:   13/13         EV: 11    Int: 13 (14) God:    Yredelemnul [......]
Gold: 165           SH:  0    Dex: 11 (12) Spells: 6/6 levels left

rFire   + . .      SeeInvis .   a - +0 trident
rCold   . . .      Faith    .   (no shield)
rNeg    . . .      Spirit   .   v - +2 leather armour {rF+}
rPois   .          Reflect  .   (no helmet)
rElec   .          Harm     .   (no cloak)
rCorr   .          Rampage  .   (no gloves)
Will    .....                   s - +0 pair of boots
Stlth   +.........              (no amulet)
HPRegen 0.20/turn               (no ring)
MPRegen 0.13/turn               (no ring)

@: flying, drained
A: clever 1, evolution 1
a: Renounce Religion, Recall Undead Harvest


You were on level 6 of the Dungeon.
You worshipped Yredelemnul.
Yredelemnul was aware of your devotion.
You visited 1 branch of the dungeon, and saw 6 of its levels.

You collected 165 gold pieces.

Inventory:

Hand Weapons
 a - a +0 trident (weapon)
 b - a +0 sling
Missiles
 m - 3 boomerangs
Armour
 s - a +0 pair of boots (worn)
 v - a +2 leather armour of fire resistance (worn)
Jewellery
 h - a ring of fire
 u - an amulet of magic regeneration
Wands
 p - a wand of flame (3)
Scrolls
 j - 2 scrolls of blinking {unknown}
 k - 2 scrolls of noise {unknown}
 l - 4 scrolls of identify {unknown}
 n - 2 scrolls of teleportation {unknown}
 o - a scroll of poison {unknown}
 t - a scroll of fog {unknown}


   Skills:
 - Level 8.8 Fighting
 + Level 10.7 Polearms
 - Level 2.4 Dodging
 - Level 1.5 Stealth
 - Level 8.2 Invocations


You had 6 spell levels left.
You didn't know any spells.
Your spell library contained the following spells:

 Spells                   Type           Power      Damage    Failure   Level
 Shock                    Conj/Air       0%         1d3       36%         1
 Static Discharge         Conj/Air       0%         3-3/arc   52%         2
 Swiftness                Air            0%         N/A       75%         3
 Airstrike                Air            0%         0-1+      98%         4
 Dispel Undead            Necr           0%         3d6       98%         4
 Sticky Flame             Conj/Fire      0%         2d3       98%         4


Dungeon Overview and Level Annotations

Branches:
Dungeon (7/15)
 Temple: D:4-7

Altars:
Vehumet
Yredelemnul
Zin

Annotations:
D:1 2 runed translucent doors


Innate Abilities, Weirdness & Mutations

Your mind is acute. (Int +4, Str/Dex -1)
You have hidden genetic potential.


Message History

The bullfrog hits you but does no damage.
Something hits you. x2
You bump into the rock wall.
You feel less invigorated. The bullfrog hits you. Something hits you.
Something hits you but does no damage. The bullfrog hits you.
You puncture something!
Reactivating autopickup.
You feel a bit more experienced. The bullfrog completely misses you.
Something hits you.
Deactivating autopickup; reactivate with Ctrl-A.
You have reached level 7!
You bump into the rock wall.
The bullfrog closely misses you. Something hits you.
The bullfrog barely misses you. Something hits you. The bullfrog hits you.
You miss the bullfrog. The bullfrog hits you.
Something hits you but does no damage.
You closely miss something. Your punch misses something. The bullfrog hits you!
* * * LOW HITPOINT WARNING * * *
Something hits you.
* * * LOW HITPOINT WARNING * * *
The bullfrog hits you but does no damage.
You closely miss something. The bullfrog hits you.
* * * LOW HITPOINT WARNING * * *
Something hits you but does no damage.
The bullfrog hits you but does no damage.
Something hits you but does no damage. The bullfrog hits you.
* * * LOW HITPOINT WARNING * * *
You feel less confused. Something hits you.
* * * LOW HITPOINT WARNING * * *
The bullfrog barely misses you.
You miss something. The bullfrog hits you.
* * * LOW HITPOINT WARNING * * *
Something hits you but does no damage.
You miss something. The bullfrog closely misses you.
You hear some strange, mumbled words.
A magic dart appears from out of thin air!
The magic dart hits you!
You die...
Your body rises from the dead as a mindless zombie.

#...#># #.# #####
#...#.# #.#
.....###...#.#####.#
.....?.)..'......>#
#####'###...#.#######
.........)###.#
.....^....# #.#
.......F{.# #.#
........@.# #.#
#####'##### #.# #'
#.# . .. .. ###


You could see a bullfrog.

Vanquished Creatures
  A jelly (D:6)
  2 orc wizards
  4 adders (D:2)
  A worm (D:3)
  8 orcs
  3 ball pythons
  7 endoplasms
  2 giant cockroaches (D:1)
  5 hobgoblins
  2 jackals (D:1)
  6 kobolds
  4 quokkas
  5 bats
  7 frilled lizards
  6 goblins
  A rat (D:2)
64 creatures vanquished.

Vanquished Creatures (collateral kills)
  Terence (D:2)
  An adder (D:3)
  A worm (D:2)
  A bat (D:2)
  An endoplasm (D:2)
  A goblin (D:2)
  2 hobgoblins (D:2)
  2 ball pythons (D:2)
  A frilled lizard (D:2)
  A spectral kobold (D:2)
12 creatures vanquished.

Vanquished Creatures (others)
  A bat zombie (D:2)
  An endoplasm zombie (D:2)
  A giant cockroach zombie (D:2)
  2 goblin zombies
  A jackal zombie (D:2)
  2 kobold zombies (D:2)
  2 orc zombies (D:3)
10 creatures vanquished.

Grand Total: 86 creatures vanquished

Notes
Turn   | Place    | Note
-------+----------+-------------------------------------------
     0 | D:1      | porpoise the Hill Orc Monk began the quest for the Orb.
     0 | D:1      | Reached XP level 1. HP: 19/19 MP: 1/1
   104 | D:1      | Found a large runed translucent door.
   104 | D:1      | Found a large runed translucent door.
   163 | D:1      | Reached XP level 2. HP: 27/27 MP: 2/2
   497 | D:1      | Reached skill level 4 in Polearms
   741 | D:1      | Reached XP level 3. HP: 33/33 MP: 3/3
  1099 | D:2      | Found a basalt altar of Yredelemnul.
  1175 | D:2      | Became a worshipper of Yredelemnul the Dark
  1175 | D:2      | Reached * piety under Yredelemnul
  1175 | D:2      | Reached ** piety under Yredelemnul
  1292 | D:2      | Reached XP level 4. HP: 41/41 MP: 4/4
  1296 | D:2      | Reached skill level 1 in Invocations
  1516 | D:2      | Noticed Terence
  1538 | D:2      | Killed Terence
  1539 | D:2      | Reached skill level 5 in Polearms
  1625 | D:2      | Reached XP level 5. HP: 41/47 MP: 6/6
  1677 | D:2      | Found a faded altar of an unknown god.
  2149 | D:3      | Found a radiant altar of Vehumet.
  2924 | D:3      | Reached skill level 5 in Fighting
  2930 | D:3      | HP: 1/41 [frozen (4)]
  3364 | D:3      | Found a glowing silver altar of Zin.
  3431 | D:4      | You fall into a shaft and drop 3 floors!
  3538 | D:6      | Reached skill level 10 in Polearms
  3538 | D:6      | Reached XP level 6. HP: 49/57 MP: 7/12
  3544 | D:6      | Gained mutation: You have hidden genetic potential. [potion
                  | of mutation]
  3544 | D:6      | Gained mutation: Your mind is acute. (Int +4, Str/Dex -1)
                  | [potion of mutation]
  3555 | D:6      | Reached XP level 7. HP: 38/65 MP: 13/13
  3564 | D:6      | Killed from afar by an orc wizard

Illustrated notes

Levels and vault maps discovered:
D:1:      erik_arrival_cave_to_civilisation [erik_arrival_cave_to_temple],
          layout_loops_ring
D:2:      layout_basic, dreamdust_ecumenical_altar_drowned_temple, basic_altar,
          minmay_unequal, uniq_terence
D:3:      layout_loops_ring, mainiacjoe_overflow_brackets,
          mainiacjoe_overflow_alcove_2
D:4:      cheibrodos_fertilizer, layout_gridville, gammafunk_ghost_grave,
          hangedman_abyss_or_decor_stabs, uniq_blork_the_orc, uniq_robin
D:6:      layout_basic, uniq_menkaure, uniq_prince_ribbit1, uniq_maggie
D:7:      minmay_the_grid_triangle_9x9_rhombus_thin
          [minmay_the_grid_triangle_9x9_tough_junction,
          minmay_the_grid_triangle_9x9_prize_special,
          minmay_the_grid_triangle_9x9_negative_grid,
          minmay_the_grid_triangle_9x9_warning], layout_cave_pools,
          uniq_crazy_yiuf_cottage

Skill      XL: |  1  2  3  4  5 |
---------------+----------------+-----
Fighting       | 4 8 |  8.8
Polearms       | 4 5 10 | 10.7
Invocations    | 1 8 |  8.2
Dodging        | |  2.4
Stealth        | |  1.5

Action                   |  1- 3 |  4- 6 |  7- 9 || total
-------------------------+-------+-------+-------++-------
Melee: Spear             |   102 |   157 |       ||   259
       Trident           |       |    40 |     5 ||    45
 Fire: Sling             |     6 |       |       ||     6
Invok: Dark Bargain      |       |     1 |       ||     1
  Use: Potion            |       |     9 |       ||     9
 Stab: Sleeping          |     1 |     2 |       ||     3
       Distracted        |     1 |     1 |       ||     2
Armor: Ring mail         |    19 |    28 |       ||    47
       Leather armour    |       |    32 |     6 ||    38
Dodge: Dodged            |    45 |    63 |     4 ||   112

Table legend: (Time is in decaauts)
 A = Elapsed time spent in this place.
 B = Non-inter-level travel time spent in this place.
 C = Inter-level travel time spent in this place.
 D = Time resting spent in this place.
 E = Time spent auto-exploring this place.
 F = Levels seen in this place.
 G = Mean time per level.
                   A        B        C        D        E       F      G
               +--------+--------+--------+--------+--------+-----+--------+
         Total |   3529 |   3402 |    127 |    778 |   1923 |   6 |  588.2 |
       Dungeon |   3529 |   3402 |    127 |    778 |   1923 |   6 |  588.2 |
               +--------+--------+--------+--------+--------+-----+--------+

Top non-repeatable levels by time:
     D:3: 1460 daAuts
     D:1: 1093 daAuts
     D:2: 844 daAuts
     D:6: 125 daAuts
     D:7: 5 daAuts
